 Dungeon Crawl Stone Soup version 0.20-a0-893-g832831a (webtiles) character file.

279009 Faca the Warrior (level 20, -18/193 HPs)
             Began as a Hill Orc Fighter on Mar 1, 2017.
             Was the Champion of Beogh.
             Killed from afar by Mara (29 damage)
             ... with a bolt of fire
             ... on level 1 of the Depths on Mar 16, 2017.
             The game lasted 03:30:59 (42058 turns).

Faca the Warrior (Hill Orc Fighter)                Turns: 42058, Time: 03:30:59

Health: -18/193    AC: 42    Str: 31    XL:     20   Next: 44%
Magic:  0/40       EV: 11    Int:  8    God:    Beogh [******]
Gold:   834        SH: 19    Dex: 25    Spells: 19/19 levels left

rFire    . . .     SeeInvis +   X - +6 morningstar of Zufet {protect, rC+ Int+3}
rCold    + + +     Gourm    .   z - +3 plate armour of Conscience {*Drain MP+9 Dex+5}
rNeg     + . .     Faith    .   I - +2 shield {AC+3}
rPois    +         Spirit   +   B - +2 hat
rElec    +         Reflect  .   j - scarf {Spirit}
rCorr    .         Harm     .   b - +2 pair of gloves
MR       ++...                  w - +2 pair of boots of the Shining One {rElec rC+++ MR+ Int-4}
Stlth    ..........             R - macabre finger necklace {rN+}
Regen    0.5/turn               T - ring "Liral" {Wiz *Slow rPois Str+4}
MPRegen  0.3/turn               Q - ring of the Tortoise {*Contam rC++ MP+9 Dex+6}
                                k - +4 ring of strength

@: lethally poisoned (-18 -> -21), protection aura, very slightly contaminated
A: walk on water, antennae 1, repulsion field 1, molten scales 1, see invisible,
wild magic 2, evolution 1, MP-powered wands
}: 2/15 runes: decaying, gossamer
a: Smiting, Recall Orcish Followers, Give Item to Named Follower, Resurrection,
Renounce Religion


You were on level 1 of the Depths.
You worshipped Beogh.
Beogh was exalted by your worship.
You were not hungry.

You visited 7 branches of the dungeon, and saw 36 of its levels.
You also visited: Labyrinth, Ice Cave and Volcano.

You collected 3599 gold pieces.
You spent 2765 gold pieces at shops.

Inventory:

Hand Weapons
 m - a +7 vampiric eveningstar
 W - the +6 morningstar of Tortfeasance {protect, rN+ SInv}
   (You found it in a labyrinth)

   It protects the one who uses it against injury (+AC on strike).
   It protects you from negative energy.
   It lets you see invisible.
 X - the +6 morningstar of Zufet (weapon) {protect, rC+ Int+3}
   (You found it on level 1 of the Vaults)

   It protects the one who uses it against injury (+AC on strike).
   It affects your intelligence (+3).
   It protects you from cold.
Armour
 b - a +2 pair of gloves (worn)
 j - a scarf of spirit shield (worn)
 w - the +2 pair of boots of the Shining One (worn) {rElec rC+++ MR+ Int-4}
   (You bought it in a shop on level 14 of the Dungeon)

   It affects your intelligence (-4).
   It renders you almost immune to cold.
   It insulates you from electricity.
   It affects your resistance to hostile enchantments.
 z - the +3 plate armour of Conscience (worn) {*Drain MP+9 Dex+5}
   (You bought it in a shop on level 2 of the Orcish Mines)

   It affects your dexterity (+5).
   It affects your magic capacity (+9).
   It causes draining when unequipped.
 B - a +2 hat (worn)
 C - the +3 helmet "Motuxij" {Dex+2}
   (You bought it in a shop on level 2 of the Orcish Mines)

   It affects your dexterity (+2).
 I - a +2 shield of protection (worn)
Jewellery
 k - a +4 ring of strength (on amulet)
 M - an uncursed ring of protection from magic
 Q - the ring of the Tortoise (left hand) {*Contam rC++ MP+9 Dex+6}
   (You found it in a labyrinth)

   [ring of magical power]

   It affects your dexterity (+6).
   It greatly protects you from cold.
   It affects your magic capacity (+9).
   It causes magical contamination when unequipped.
 R - the macabre finger necklace (around neck) {rN+}
   (You found it in a labyrinth)

   [amulet of nothing]

   It protects you from negative energy.
 T - the ring "Liral" (right hand) {Wiz *Slow rPois Str+4}
   (You found it in a labyrinth)

   [ring of wizardry]

   It improves your spell success rate.
   It affects your strength (+4).
   It protects you from poison.
   It may slow you when you take damage.
 V - the ring of Ryddal {rF+ MR++ Int-4 Dex+4}
   (You bought it in a shop on level 14 of the Dungeon)

   [ring of protection from fire]

   It affects your intelligence (-4).
   It affects your dexterity (+4).
   It protects you from fire.
   It affects your resistance to hostile enchantments.
Wands
 n - a wand of digging (10/24)
 y - a wand of clouds (4/9)
 J - a wand of disintegration (8/24)
 S - a wand of digging (15/24)
Scrolls
 h - 3 scrolls of blinking
 o - 19 scrolls of remove curse
 s - 7 scrolls of recharging
 u - 3 scrolls of fog
 v - 17 scrolls of teleportation
 D - 4 scrolls of fear
 G - 13 scrolls of identify
 K - 2 scrolls of brand weapon
 P - a scroll of magic mapping
 U - a scroll of enchant armour
Potions
 c - a potion of magic
 d - 4 potions of might
 e - 4 potions of lignification
 g - 3 potions of haste
 l - 2 potions of cancellation
 p - 7 potions of agility
 q - 8 potions of curing
 r - 10 potions of brilliance
 t - 8 potions of mutation
 x - 2 potions of ambrosia
 E - 3 potions of berserk rage
 F - 3 potions of resistance
 H - 2 potions of invisibility
 L - a potion of heal wounds
Comestibles
 f - 15 bread rations
 i - 20 meat rations
 A - 4 royal jellies


   Skills:
 + Level 19.8 Fighting
   Level 16.9(21.0) Axes
 + Level 18.3(20.0) Maces & Flails
 + Level 16.5 Armour
 - Level 1.0 Dodging
 - Level 2.0 Stealth
 + Level 18.0 Shields
 + Level 3.5 Invocations


You had 19 spell levels left.
You didn't know any spells.

Dungeon Overview and Level Annotations

Branches:
Dungeon (15/15)            Temple (0/1) D:7            Lair (6/6) D:9
  Swamp (4/4) Lair:4       Spider (4/4) Lair:4        Slime (0/5) Lair:6
    Orc (2/2) D:10            Elf (0/3) Orc:2        Vaults (4/5) D:14
  Crypt (0/3) Vaults:2     Depths (1/5) D:15

Altars:
Cheibriados
Nemelex Xobeh
Trog
Beogh

Shops:
D:7 :   D:11 %   D:14 [=*((   Orc:2 [(:*   Vaults:3 !*

Annotations:
D:4 RepHenryClay's ghost, novice HaSk
Lair:4 exclusion: oklob plant
Depths:1 Mara


Innate Abilities, Weirdness & Mutations

You can walk on water.
You have a pair of small antennae on your head.
You are surrounded by a mild repulsion field. (EV +2)
You are partially covered in molten scales. (AC +2)
You have supernaturally acute eyesight. (SInv)
Your spells are harder to cast, but more powerful.
You evolve.
You expend magic power (3 MP) to strengthen your wands.


Message History

* * * LOW HITPOINT WARNING * * *
Mara barely misses you.
You impale Mara!!
Mara is heavily wounded.
You feel sick. Mara gestures at you. The bolt of fire hits you!
* * * LOW HITPOINT WARNING * * *
You block Mara's attack.
You feel sick. Mara gestures at you. The bolt of fire hits you!
* * * LOW HITPOINT WARNING * * *
Mara gestures at you. The bolt of fire misses you.
Mara says, "Difficult is the way of exertion, difficult to pass, difficult to enter upon."
You feel sick. Mara gestures at you. The bolt of fire hits you!
You die...

#≈PP≈P...##........#
##≈♣≈....####.######
##≈≈♣#### #..###
#### ##...#
########'####
#........)..#
#...........#
#...........+
#.......@...#
#.....>.....#
#...........#
#.....RR....#
#...R.@.....#
#####'####### #.##
#..# ##'#


You could see 3 Maras and Faca's illusion.

Vanquished Creatures
  Xtahua (Vaults:3)
  Arachne (Spider:3)
  Gastronok (D:8)
  2 sphinxes
  3 tengu reavers
  5 vault wardens
  2 fire giants (Vaults:4)
  A frost giant (Vaults:4)
  The ghost of Akrius the Peltast, a journeyman FoFi of the Shining One (Swamp:1)
  Aizul (Spider:1)
  A deep elf sorcerer (Vaults:4)
  An orc warlord (Orc:1)
  The ghost of Parabex the Cleaver, a journeyman MiBe of Trog (Swamp:3)
  3 ghost moths (Spider:4)
  4 emperor scorpions (Spider:4)
  5 ironheart preservers
  4 stone giants
  An entropy weaver (Vaults:1)
  4 deep elf annihilators
  A spark wasp (Spider:4)
  Azrael (Spider:3)
  A green death (Swamp:4)
  An eidolon (Vaults:2)
  6 ettins
  A minotaur (Lab)
  3 yaktaur captains
  3 fire dragons (Vaults:4)
  16 hydras
  2 ice dragons
  2 rakshasas (Vaults:3)
  An anaconda (shapeshifter) (D:15)
  6 alligators
  6 ogre magi
  A vault guard (Vaults:4)
  7 centaur warriors
  Erica (Lair:1)
  A ghost crab (Swamp:3)
  A tengu warrior (D:15)
  13 two-headed ogres
  A death yak (Lair:5)
  2 deep troll earth magi
  2 deep troll shamans
  2 orc high priests (Orc:2)
  A deep elf knight (D:14)
  2 hell knights (Vaults:2)
  A spriggan druid (Swamp:3)
  A flayed ghost (Vaults:2)
  An iron troll (Depths:1)
  2 wizards
  11 deep trolls
  3 shambling mangroves
  4 unseen horrors
  A deep elf archer (Vaults:2)
  An orc knight (Vaults:4)
  2 large abominations (Swamp:4)
  2 necromancers
  A swamp dragon (Swamp:4)
  5 deep elf magi
  5 ironbrand convokers
  13 wolf spiders
  4 cyclopes
  A manticore (D:12)
  A faun (shapeshifter) (D:14)
  A salamander (shapeshifter) (Vaults:2)
  7 orb spiders
  17 ugly things
  2 elephants
  5 black mambas
  An ice statue (IceCv)
  Maurice (D:8)
  A black mamba (shapeshifter) (Vaults:2)
  2 gargoyles (Volcano)
  7 spiny frogs
  2 centaur skeletons
  8 vault sentinels
  2 molten gargoyles (Volcano)
  2 efreet
  5 komodo dragons
  A kobold demonologist (D:14)
  2 rime drakes (D:15)
  A tengu conjurer (D:14)
  11 yaktaurs
  14 freezing wraiths
  9 demonic crawlers
  A queen bee (D:8)
  4 tyrant leeches
  16 jumping spiders
  2 trolls (D:14)
  12 slime creatures
  5 polar bears
  18 hornets
  3 blink frogs
  A fire giant simulacrum (Vaults:3)
  5 bog bodies
  A meliai zombie (D:13)
  3 dream sheep (Lair:2)
  A frost giant simulacrum (Vaults:3)
  6 hippogriffs
  15 tarantellas
  8 centaur simulacra
  37 redbacks
  A shadow (D:15)
  A yak (shapeshifter) (D:15)
  7 spriggans
  3 wraiths
  A basilisk (shapeshifter) (Vaults:3)
  2 hogs (Swamp:4)
  A fire bat (Volcano)
  2 fire elementals (Volcano)
  19 yaks
  A death yak simulacrum (IceCv)
  2 hungry ghosts
  4 vampire mosquitoes (Swamp:3)
  3 wyverns
  9 insubstantial wisps
  9 swamp worms
  3 wargs
  3 acid dragons
  6 water moccasins
  A porcupine (shapeshifter) (D:15)
  3 hell hounds
  A porcupine (Lair:1)
  A black bear (D:10)
  5 orc warriors
  5 swamp drakes
  12 ice beasts
  4 sky beasts
  A black bear (shapeshifter) (D:14)
  19 ogres
  A phantom (D:6)
  A necrophage (D:8)
  9 wolves
  19 boggarts
  15 centaurs
  6 crocodiles
  3 big kobolds
  8 bullfrogs
  A wyvern zombie (D:9)
  5 scorpions
  5 wights
  19 killer bees
  6 howler monkeys
  11 crimson imps
  9 lava snakes
  2 draconian simulacra (IceCv)
  A centaur zombie (D:11)
  2 hounds
  5 jellies
  6 orc priests
  2 bullfrog zombies
  A gnoll shaman (D:6)
  A bullfrog skeleton (D:4)
  4 worker ants
  5 iguanas
  5 orc wizards
  A polar bear simulacrum (IceCv)
  6 troll simulacra (IceCv)
  2 spriggan simulacra (IceCv)
  2 small abominations (Swamp:4)
  2 wolf simulacra (IceCv)
  2 hound skeletons
  11 gnolls
  A howler monkey skeleton (D:6)
  2 ogre simulacra (IceCv)
  15 adders
  3 naga simulacra (IceCv)
  2 shadow imps (D:8)
  15 white imps
  An ufetubus (D:15)
  3 oozes
  4 worms
  6 leopard geckos
  18 orcs
  9 bats
  5 giant cockroaches
  10 goblins
  7 hobgoblins
  14 jackals
  8 quokkas
  4 ball pythons
  6 frilled lizards
  18 kobolds
  4 leopard gecko skeletons
  A quokka zombie (D:5)
  8 rats
  9 fungi
904 creatures vanquished.

Vanquished Creatures (collateral kills)
  Sojobo (Vaults:2)
  Margery (Vaults:2)
  Frederick (Vaults:3)
  Nikola (Swamp:4)
  A tentacled monstrosity (Swamp:4)
  The ghost of RandomusNamus the Minotaur Blade, an adept MiGl of Okawaru (Vaults:1)
  Kirke (Swamp:4)
  Donald (Swamp:3)
  2 emperor scorpions
  A vault warden (Vaults:4)
  A deep elf sorcerer (Vaults:4)
  Louise (Swamp:4)
  3 ironheart preservers
  2 very ugly things (Swamp:4)
  The ghost of Bolverk the Basher, a journeyman DrBe of Trog (Lair:4)
  4 stone giants
  A deep elf demonologist (Vaults:4)
  An entropy weaver (Spider:2)
  3 spark wasps
  A green death (Swamp:4)
  An ettin (Vaults:4)
  Josephine (D:14)
  A deep elf death mage (Vaults:4)
  A great orb of eyes (Vaults:3)
  5 yaktaur captains
  Erolcha (D:12)
  Fannar (Lair:1)
  12 hydras
  An ice dragon (Vaults:3)
  A rakshasa (Vaults:1)
  A catoblepas (Lair:6)
  4 vault guards
  3 death knights
  5 two-headed ogres
  4 centaur warriors
  4 alligators
  2 deep troll earth magi
  2 orc high priests (Orc:2)
  A tengu warrior (D:15)
  2 vampire magi (Vaults:2)
  The ghost of frogmouthbird the Cleaver, a novice FoFi of Wu Jian (D:9)
  2 deep elf knights (Vaults:1)
  3 hell knights (Vaults:2)
  2 wizards (Vaults:2)
  5 deep trolls
  2 deep elf archers (Vaults:4)
  2 shambling mangroves
  2 swamp dragons
  3 ironbrand convokers
  7 orc knights
  6 ugly things
  An orc sorcerer (Orc:2)
  14 wolf spiders
  2 oklob plants (Lair:4)
  14 orb spiders
  7 cyclopes
  5 deep elf magi
  A moth of wrath (Spider:4)
  3 manticores
  15 slime creatures
  2 centaur zombies (D:14)
  7 elephants
  4 black mambas
  15 spiny frogs
  2 centaur skeletons
  2 gargoyles
  An orange demon (Swamp:4)
  4 vault sentinels
  16 yaktaurs
  4 freezing wraiths
  7 komodo dragons
  2 rime drakes
  13 demonic crawlers
  4 trolls
  A meliai (D:14)
  8 polar bears
  17 jumping spiders
  4 tyrant leeches
  10 blink frogs
  11 hornets
  2 dream sheep
  7 bog bodies
  4 hippogriffs
  5 tarantellas
  15 spriggans
  3 shadows
  2 vampires (D:14)
  33 redbacks
  26 yaks
  A hungry ghost (D:12)
  A fire elemental (Spider:3)
  A hog (Swamp:4)
  5 wraiths
  A vampire mosquito (D:14)
  4 basilisks
  2 wargs (Orc:2)
  An acid dragon (Vaults:1)
  6 swamp worms
  5 insubstantial wisps
  3 hell hounds (Spider:3)
  4 water moccasins
  2 porcupines
  5 swamp drakes
  6 orc warriors
  A sky beast (D:8)
  A boggart (Lair:6)
  12 ogres
  5 centaurs
  A necrophage (D:12)
  14 wolves
  6 crocodiles
  A wyvern zombie (D:14)
  9 bullfrogs
  2 scorpions
  An orc simulacrum (Vaults:1)
  3 wights
  2 killer bees (D:9)
  An electric eel (Lair:4)
  6 crimson imps
  2 jellies (D:9)
  An orc priest (D:9)
  11 orc wizards
  A worker ant (D:14)
  A killer bee zombie (D:9)
  A shadow imp (D:11)
  10 orcs
  7 kobolds
  A quokka (D:12)
  A butterfly (Lair:4)
  32 fungi
  9 plants
599 creatures vanquished.

Vanquished Creatures (others)
  2 orc warlords (Swamp:4)
  A fire giant (Vaults:4)
  7 orc knights
  An ogre mage (Vaults:4)
  19 orc warriors
  An ugly thing (D:14)
  2 orc sorcerers
  2 centaur skeletons (D:14)
  A jumping spider (Spider:3)
  A vampire mosquito (D:14)
  A hell hound (Spider:3)
  5 orc wizards
  13 orc priests
  57 orcs
  A white imp (IceCv)
  A rat (D:3)
  A fire vortex (Lair:4)
  4 fungi
  3 plants
123 creatures vanquished.

Grand Total: 1626 creatures vanquished

Notes
Turn   | Place    | Note
-------+----------+-------------------------------------------
     0 | D:1      | Faca the Hill Orc Fighter began the quest for the Orb.
     0 | D:1      | Reached XP level 1. HP: 19/19 MP: 1/1
    98 | D:1      | Reached XP level 2. HP: 26/27 MP: 2/2
   263 | D:1      | Reached XP level 3. HP: 29/33 MP: 3/3
   980 | D:2      | Reached XP level 4. HP: 37/40 MP: 4/4
   990 | D:2      | Upgraded the game from 0.20-a0-792-g09bcfd3 to 0.20-a0-809-gaf7f668
  1015 | D:2      | Reached skill level 4 in Fighting
  1040 | D:2      | Reached skill level 1 in Dodging
  1449 | D:3      | Reached XP level 5. HP: 46/46 MP: 5/5
  1630 | D:3      | Became a worshipper of Beogh the Brigand
  2020 | D:3      | Reached * piety under Beogh
  2020 | D:3      | Reached skill level 5 in Axes
  2029 | D:3      | Reached XP level 6. HP: 7/53 MP: 6/6
  3038 | D:4      | Reached XP level 7. HP: 56/60 MP: 7/7
  3173 | D:4      | Noticed RepHenryClay's ghost (novice HaSk)
  3176 | D:4      | Reached skill level 5 in Armour
  3565 | D:5      | Entered Level 5 of the Dungeon
  3584 | D:5      | Reached skill level 5 in Fighting
  3593 | D:5      | Reached ** piety under Beogh
  3703 | D:5      | Found a bloodstained altar of Trog.
  3762 | D:5      | Reached XP level 8. HP: 45/68 MP: 8/8
  3981 | D:5      | Found a snail-covered altar of Cheibriados.
  4403 | D:4      | Found a sparkling altar of Nemelex Xobeh.
  4823 | D:6      | Reached skill level 10 in Axes
  5187 | D:6      | Reached skill level 6 in Fighting
  5221 | D:6      | Reached *** piety under Beogh
  5282 | D:6      | Reached XP level 9. HP: 56/75 MP: 6/9
  5759 | D:7      | Found Ezewkuan's Book Shoppe.
  5892 | D:7      | Found a staircase to the Ecumenical Temple.
  6345 | D:8      | Noticed Maurice
  6393 | D:8      | Killed Maurice
  6894 | D:8      | Noticed a queen bee
  6913 | D:8      | Killed a queen bee
  7055 | D:8      | Reached skill level 7 in Fighting
  7055 | D:8      | Reached skill level 1 in Stealth
  7073 | D:8      | Reached skill level 5 in Shields
  7314 | D:8      | Reached XP level 10. HP: 57/86 MP: 8/10
  7556 | D:8      | Reached **** piety under Beogh
  7632 | D:8      | Got a heavily jewelled robe
  7643 | D:8      | Identified the +1 robe "Akhergh" {Int+4 Dex-4 SInv} (You found it on level 8 of the Dungeon)
  7944 | D:8      | Noticed Gastronok
  7968 | D:8      | Killed Gastronok
  7968 | D:8      | Reached skill level 8 in Fighting
  8245 | D:9      | Noticed frogmouthbird's ghost (novice FoFi)
  8248 | D:9      | Killed frogmouthbird's ghost
  8285 | D:9      | Noticed a two-headed ogre
  8289 | D:9      | Killed a two-headed ogre
  8405 | D:9      | Noticed a two-headed ogre
  8412 | D:9      | Killed a two-headed ogre
  8412 | D:9      | Reached skill level 9 in Fighting
  8412 | D:9      | Reached XP level 11. HP: 95/97 MP: 9/11
  8432 | D:9      | Found a staircase to the Lair.
  8832 | D:9      | Reached ***** piety under Beogh
  8959 | D:10     | Entered Level 10 of the Dungeon
  9173 | D:10     | Noticed an orc knight
  9178 | D:10     | Found a roughly hewn altar of Beogh.
  9178 | D:10     | Found a staircase to the Orcish Mines.
  9196 | D:10     | Killed an orc knight
  9343 | D:10     | Reached skill level 15 in Axes
  9918 | Lair:1   | Entered Level 1 of the Lair of Beasts
 10027 | Lair:1   | Noticed Erica
 10043 | Lair:1   | Killed Erica
 10103 | Lair:1   | Reached skill level 10 in Armour
 10583 | Lair:1   | Noticed Fannar
 10607 | Lair:1   | Killed Fannar
 10652 | Lair:1   | Reached skill level 10 in Fighting
 11074 | Lair:2   | Noticed a four-headed hydra
 11079 | Lair:2   | Killed a four-headed hydra
 11256 | Lair:2   | Reached skill level 1 in Maces & Flails
 11522 | Lair:2   | Reached XP level 12. HP: 93/107 MP: 10/12
 11989 | Lair:2   | Noticed a seven-headed hydra
 11994 | Lair:2   | Killed a seven-headed hydra
 12457 | Lair:3   | Reached skill level 11 in Fighting
 13301 | Lair:4   | Noticed a seven-headed hydra
 13313 | Lair:4   | Killed a seven-headed hydra
 13334 | Lair:4   | Found a staircase to the Swamp.
 13339 | Lair:4   | Gained Orkrul as an ally
 13689 | Lair:4   | Noticed Bolverk's ghost (journeyman DrBe)
 13706 | Lair:4   | Killed Bolverk's ghost
 13706 | Lair:4   | Gained Blodwig as an ally
 13810 | Lair:4   | Found a hole to the Spider Nest.
 13826 | Lair:4   | Noticed a five-headed hydra
 13833 | Lair:4   | Killed a five-headed hydra
 13907 | Lair:4   | Noticed an eight-headed hydra
 13913 | Lair:4   | Killed an eight-headed hydra
 13913 | Lair:4   | Reached XP level 13. HP: 82/117 MP: 13/13
 14089 | Lair:4   | Reached skill level 12 in Fighting
 14401 | Lair:4   | Gained Bogwik as an ally
 14843 | Lair:5   | Found a labyrinth entrance.
 14854 | Lab      | Entered a labyrinth
 14997 | Lab      | Noticed a minotaur
 15023 | Lab      | Killed a minotaur
 15027 | Lab      | Got a glittering granite ring
 15027 | Lab      | Got a steaming bone ring
 15028 | Lab      | Got a translucent morningstar
 15151 | Lair:5   | Identified the +6 morningstar of Tortfeasance {protect, rN+ SInv} (You found it in a labyrinth)
 15255 | Lair:5   | Reached ****** piety under Beogh
 15604 | Lair:5   | Reached skill level 5 in Maces & Flails
 16097 | Lair:6   | Entered Level 6 of the Lair of Beasts
 16319 | Lair:6   | Found a staircase to the Slime Pits.
 16457 | Lair:6   | Found a dark tunnel.
 16463 | Volcano  | Entered a volcano
 16622 | Volcano  | Gained Brunolf as an ally
 16711 | Volcano  | Found a radiant altar of Vehumet.
 16714 | Volcano  | Your ally Brunolf died
 16718 | Volcano  | Noticed a stone giant
 16733 | Volcano  | Killed a stone giant
 16929 | Volcano  | Reached XP level 14. HP: 72/127 MP: 8/14
 17299 | Lair:6   | Gained Koronagh as an ally
 17326 | Lair:6   | Identified the ring of the Tortoise {*Contam rC++ MP+9 Dex+6} (You found it in a labyrinth)
 17329 | Lair:6   | Identified the ring "Liral" {Wiz *Slow rPois Str+4} (You found it in a labyrinth)
 17470 | Lair:6   | Reached skill level 13 in Fighting
 17470 | Lair:6   | Reached skill level 10 in Shields
 17552 | Lair:6   | Gained Marbork as an ally
 18004 | Lair:6   | Upgraded the game from 0.20-a0-809-gaf7f668 to 0.20-a0-830-g2c9a30d
 18080 | Swamp:1  | Entered Level 1 of the Swamp
 18274 | Swamp:1  | Noticed Akrius's ghost (journeyman FoFi)
 18283 | Swamp:1  | Killed Akrius's ghost
 18283 | Swamp:1  | Reached skill level 10 in Maces & Flails
 18539 | Swamp:1  | Reached skill level 1 in Invocations
 19250 | Swamp:2  | Your ally Blodwig died
 20292 | Swamp:2  | Reached XP level 15. HP: 117/137 MP: 15/15
 20734 | Swamp:3  | Reached skill level 14 in Fighting
 20825 | Swamp:3  | Noticed Donald
 20835 | Swamp:3  | Killed Donald
 20921 | Swamp:3  | Noticed Parabex's ghost (journeyman MiBe)
 20934 | Swamp:3  | Killed Parabex's ghost
 21457 | Swamp:4  | Entered Level 4 of the Swamp
 21480 | Swamp:4  | Noticed Louise
 21498 | Swamp:4  | Killed Louise
 21720 | Swamp:4  | Noticed Nikola
 21725 | Swamp:4  | Killed Nikola
 21774 | Swamp:4  | Your ally Marbork died
 22234 | Swamp:4  | Noticed a tentacled monstrosity
 22244 | Swamp:4  | Killed a tentacled monstrosity
 22251 | Swamp:4  | Your ally Marbork died
 22277 | Swamp:4  | Your ally Bogwik died
 22621 | Swamp:4  | Got a decaying rune of Zot
 23009 | Swamp:4  | Noticed Kirke
 23017 | Swamp:4  | Killed Kirke
 23284 | Swamp:4  | Your ally Koronagh died
 23493 | Lair:4   | Gained Borgoth as an ally
 23548 | Spider:1 | Entered Level 1 of the Spider Nest
 23552 | Spider:1 | Noticed Aizul
 23562 | Spider:1 | Your ally Borgoth died
 23564 | Spider:1 | Killed Aizul
 23564 | Spider:1 | Reached XP level 16. HP: 133/147 MP: 18/18
 23567 | Spider:1 | Gained mutation: You are partially covered in molten scales. (AC +2) [mutagenic meat]
 23579 | Spider:1 | Gained mutation: You evolve. [mutagenic meat]
 23580 | Spider:1 | Gained mutation: Potions are less effective at restoring your health. [mutagenic meat]
 23581 | Spider:1 | Gained mutation: You are surrounded by a mild repulsion field. (EV +2) [mutagenic meat]
 23582 | Spider:1 | Gained mutation: You are clumsy. (Dex -2) [mutagenic meat]
 23583 | Spider:1 | Gained mutation: You have supernaturally acute eyesight. (SInv) [mutagenic meat]
 23921 | Spider:1 | Gained Wargath as an ally
 24347 | Spider:2 | Reached skill level 15 in Fighting
 25416 | Spider:3 | Noticed Arachne
 25422 | Spider:3 | Killed Arachne
 25438 | Spider:3 | Reached skill level 15 in Maces & Flails
 25504 | Spider:3 | Your ally Wargath died
 25649 | Spider:3 | Noticed Azrael
 25662 | Spider:3 | Killed Azrael
 26010 | Spider:4 | Entered Level 4 of the Spider Nest
 26669 | Spider:4 | Gained mutation: Your spells are a little harder to cast, but a little more powerful. [evolution]
 26832 | Spider:4 | Reached XP level 17. HP: 152/158 MP: 19/19
 27266 | Spider:4 | Reached skill level 16 in Fighting
 27655 | Spider:4 | Got a gossamer rune of Zot
 27991 | Orc:1    | Entered Level 1 of the Orcish Mines
 28176 | Orc:2    | Entered Level 2 of the Orcish Mines
 28178 | Orc:2    | Found Viton's Book Emporium.
 28181 | Orc:2    | Gained Grimold as an ally
 28188 | Orc:2    | Your ally Grimold died
 28505 | Orc:1    | Reached skill level 15 in Armour
 28545 | Orc:2    | Found Busa Qygh's General Store.
 28556 | Orc:2    | Bought a +2 plate armour of magic resistance for 520 gold pieces
 28755 | Orc:2    | Found Edaceh's Antique Weapon Emporium.
 28978 | Orc:2    | Found a staircase to the Elven Halls.
 29015 | Orc:2    | Found Deebal's Antique Armour Shop.
 29035 | Orc:2    | Bought a fine plate armour for 1008 gold pieces
 29035 | Orc:2    | Bought a translucent helmet for 342 gold pieces
 29045 | Orc:2    | Identified the +3 helmet "Motuxij" {Dex+2} (You bought it in a shop on level 2 of the Orcish Mines)
 29056 | Orc:2    | Identified the +3 plate armour of Conscience {*Drain MP+9 Dex+5} (You bought it in a shop on level 2 of the Orcish Mines)
 29346 | D:10     | Upgraded the game from 0.20-a0-830-g2c9a30d to 0.20-a0-839-gdaf5c57
 29465 | D:11     | Found Ineitekk's Food Shoppe.
 29731 | D:11     | Gained Warrok as an ally
 30156 | D:12     | Noticed Erolcha
 30168 | D:12     | Killed Erolcha
 31145 | D:13     | Gained Orbeogh as an ally
 31160 | D:13     | Gained mutation: You have a pair of small antennae on your head. [mutagenic meat]
 31971 | D:14     | Found Urafud's Jewellery Shop.
 31976 | D:14     | Your ally Orbeogh died
 31993 | D:14     | Bought the ring of Ryddal {rF+ MR++ Int-4 Dex+4} for 525 gold pieces
 32027 | D:14     | Found Niredd's Assorted Antiques.
 32039 | D:14     | Found Futielu's Weapon Boutique.
 32181 | D:14     | Found Lott's Weapon Shop.
 32206 | D:14     | Noticed Josephine
 32214 | D:14     | Killed Josephine
 32304 | D:14     | Lost mutation: Potions are less effective at restoring your health. [evolution]
 32333 | D:14     | Gained Bogwald as an ally
 32340 | D:14     | Gained Grimold as an ally
 32547 | D:14     | Found Ijigup's Antique Armour Boutique.
 32552 | D:14     | Bought a pair of ichor-stained boots for 370 gold pieces
 32562 | D:14     | Identified the +2 pair of boots of the Shining One {rElec rC+++ MR+ Int-4} (You bought it in a shop on level 14 of the Dungeon)
 32562 | D:14     | Lost intelligence.
 32744 | D:14     | Found a gate to the Vaults.
 32847 | D:14     | Upgraded the game from 0.20-a0-839-gdaf5c57 to 0.20-a0-870-g4070442
 32848 | Vaults:1 | Entered Level 1 of the Vaults
 33099 | Vaults:1 | Reached skill level 17 in Fighting
 33101 | Vaults:1 | Reached XP level 18. HP: 160/169 MP: 20/20
 33284 | Vaults:1 | Your ally Warrok died
 33472 | Vaults:1 | Noticed RandomusNamus's ghost (adept MiGl)
 33493 | Vaults:1 | Killed RandomusNamus's ghost
 33820 | Vaults:1 | Got a translucent morningstar
 33821 | Vaults:1 | Identified the +6 morningstar of Zufet {protect, rC+ Int+3} (You found it on level 1 of the Vaults)
 34511 | Vaults:2 | Noticed Sojobo
 34517 | Vaults:2 | Reached skill level 15 in Shields
 34541 | Vaults:2 | Killed Sojobo
 34898 | Vaults:2 | Lost mutation: You are clumsy. (Dex -2) [mutagenic meat]
 34900 | Vaults:2 | Gained mutation: Your body sometimes deteriorates upon taking damage. [mutagenic meat]
 34901 | Vaults:2 | Gained mutation: You are frail. (-10% HP) [mutagenic meat]
 35027 | Vaults:2 | Noticed Margery
 35035 | Vaults:2 | Killed Margery
 35563 | Vaults:2 | Gained mutation: Your spells are harder to cast, but more powerful. [mutagenic meat]
 35616 | Vaults:2 | Lost mutation: You are frail. (-10% HP) [evolution]
 35949 | Vaults:2 | Reached skill level 18 in Fighting
 36367 | Vaults:2 | Lost mutation: Your body sometimes deteriorates upon taking damage. [mutagenic meat]
 36369 | Vaults:2 | Gained mutation: You expend magic power (3 MP) to strengthen your wands. [mutagenic meat]
 36396 | Vaults:2 | Found a staircase to the Crypt.
 36449 | Vaults:3 | Noticed Xtahua
 36462 | Vaults:3 | Killed Xtahua
 36462 | Vaults:3 | Reached XP level 19. HP: 120/179 MP: 21/21
 37075 | Vaults:3 | Noticed Frederick
 37089 | Vaults:3 | Killed Frederick
 37743 | Vaults:3 | Found Qeuphis's General Store.
 37881 | Vaults:3 | Found Eshot's Distillery.
 38065 | Vaults:3 | Identified the +6 ring mail of Decompression {Str+2} (You found it on level 3 of the Vaults)
 38877 | Vaults:4 | Upgraded the game from 0.20-a0-870-g4070442 to 0.20-a0-893-g832831a
 38944 | Vaults:4 | Gained Bogrim as an ally
 39002 | Vaults:4 | Your ally Bogrim died
 39367 | Vaults:4 | Gained Orik as an ally
 39380 | Vaults:4 | Gained Borgk as an ally
 39391 | Vaults:4 | Your ally Borgk died
 39393 | Vaults:4 | Gained Okrist as an ally
 39394 | Vaults:4 | Reached skill level 19 in Fighting
 39399 | Vaults:4 | Your ally Okrist died
 39409 | Vaults:4 | Your ally Orik died
 39817 | Vaults:4 | Your ally Orbeogh died
 39976 | Vaults:4 | Reached XP level 20. HP: 173/191 MP: 22/22
 40401 | D:15     | Entered Level 15 of the Dungeon
 40565 | D:15     | Found a frozen archway.
 40579 | IceCv    | Entered an ice cave
 40837 | IceCv    | Found an ancient bone altar of Kikubaaqudgha.
 41327 | D:15     | Gained Rocco as an ally
 41653 | D:15     | Found a staircase to the Depths.
 41892 | Depths:1 | Entered Level 1 of the Depths
 42015 | Depths:1 | Noticed Mara
 42016 | Depths:1 | Noticed Faca's illusion
 42058 | Depths:1 | Killed from afar by Mara

Vault maps used:
D:1:      eino_arrival_cavern_b, grunt_decor_fettered, minmay_quantized
D:3:      minmay_divided_ellipse
D:4:      first_bread, serial_glass, glass_columns_c, glass_columns_b,
          glass_columns_b, glass_columns_a, glass_columns_a, glass_columns_a,
          nemelex_dance_club_becter
D:5:      lemuel_round_altar, basic_altar
D:6:      dk_noncrumbling_2
D:7:      minmay_temple_entry_statues_pillars, serial_shops, shop,
          lightli_corner_chamber
D:8:      david_nohive_1, uniq_gastronok, uniq_maurice
D:9:      lair_entry_dummy
D:10:     david_orc_5
D:11:     serial_shops, shop
D:12:     uniq_erolcha
D:14:     minmay_big_diamond_grid, david_vaults_5,
          nemelex_xobeh_ov_fountains_minmay, serial_shops,
          nicolae_shop_temple_entry_statues_fountains, shop, shop,
          nicolae_shop_behind_doors, shop_fountains, st_stairs_1, uniq_josephine
D:15:     gammafunk_enter_depths_forms, nrook_uturn, serial_ice, serial_ice_c,
          serial_ice_d, serial_ice_a, serial_ice_g, portal_ice_cave_rime,
          st_stairs_1
Lair:1:   cheibrodos_lair_lostbears, uniq_fannar, uniq_erica
Lair:2:   grunt_megastairs_5
Lair:4:   minmay_swamp_entry_reptiles, spider_nest_entry_web_field,
          minmay_lair_oklob_items, lemuel_fruit_tree, grunt_megastairs_1,
          lemuel_fruit_fields, infiniplex_staircase_pool_2
Lair:5:   lab_entry_generic, cheibrodos_lair_reptile_den
Lair:6:   minmay_lair_end_enchanted_forest, minmay_slime_entry_pillars,
          enter_volcano_3
Swamp:1:  evilmike_swamp_ruin_house_3, swamp_pool5, nicolae_swamp_round_clearing
Swamp:2:  evilmike_swamp_ruin_house_1, swamp_pool1
Swamp:3:  evilmike_swamp_ruin_house_2, swamp_pool4,
          nicolae_swamp_very_dense_foliage, uniq_donald
Swamp:4:  swamp_vile, swamp_pool4, uniq_louise, uniq_nikola, uniq_kirke
Spider:1: uniq_aizul
Spider:3: nicolae_spider_cling_ruins, uniq_arachne, uniq_azrael
Spider:4: spider_rune_water
Orc:2:    grunt_orc_gardens, grunt_orc_garden, grunt_orc_garden,
          grunt_orc_garden, grunt_orc_garden
Vaults:1: nicolae_vaults_diagonal_hallway_8, ontoclasm_vaults_chip,
          nicolae_vaults_diagonal_hallway_8, v_misc_32, v_misc_19,
          hangedman_vaults_pinch, hangedman_vaults_cutoff, v_misc_29,
          nicolae_vaults_little_squares_6, ontoclasm_vaults_ring_square,
          ontoclasm_vaults_ring_small, v_rooms_4, nicolae_vaults_rhombus_6,
          nicolae_vaults_little_squares_3, serial_ice_h,
          nicolae_vaults_ring_of_whatevers, vaults_room_stairs_pillars
Vaults:2: minmay_crypt_entry_simple_statues, vaults_room_ringed_pool,
          v_pattern_5, vaults_mumra_chevron_long, nicolae_vaults_alarming,
          v_alt_pattern_1, v_alt_pattern_3, ontoclasm_vaults_tryst,
          ontoclasm_vaults_chip, hangedman_vaults_corner_blocks,
          ontoclasm_vaults_decontamination, uniq_margery, uniq_sojobo
Vaults:3: hangedman_vaults_slice, hangedman_vaults_corner,
          hangedman_vaults_restitches, vaults_room_octagon, v_misc_28,
          v_misc_23, st_star, v_misc_8, vaults_room_hallway, v_alt_pattern_2,
          nicolae_vaults_mini_display_case, vaults_dpeg_diagonal,
          vaults_room_pools, serial_shops, shop_statue, shop, uniq_xtahua,
          uniq_frederick
Vaults:4: hangedman_vaults_locks, nicolae_vaults_network_periphery, v_rooms_4,
          grunt_vaults_swirl, st_squares, v_misc_2, ontoclasm_vaults_shuriken,
          v_rooms_1, v_misc_8, ontoclasm_vaults_ligature,
          nicolae_vaults_hallways_thing, vaults_room_hallway,
          grunt_vaults_hallway_short
Depths:1: hellmouth_1, minmay_tree_intersection, minmay_misc_feat_square,
          minmay_misc_feat_hallway, dispersion_dpeg, serial_bayou_shore_b,
          uniq_bai_suzhen, uniq_mara
Lab:      labyrinth_hidden_loot, nicolae_lab_statue, labyrinth_skeletal_remains,
          nicolae_lab_quarters, nicolae_lab_do_over
IceCv:    ice_cave_small_necro
Volcano:  volcano_lake

Skill      XL: |  1  2  3  4  5  6  7  8  9 10 11 12 13 14 15 16 17 18 19 20 |
---------------+-------------------------------------------------------------+-----
Axes           | 3 4 5 7 8 11 12 14 15 16 | 16.9
Fighting       | 4 5 6 7 9 10 11 12 13 14 15 17 18 19 | 19.8
Shields        | 4 5 6 7 8 9 11 12 13 14 15 17 18 | 18.0
Dodging        | 1 |  1.0
Armour         | 4 5 6 8 9 10 11 12 13 14 15 16 | 16.5
Stealth        | 1 2 |  2.0
Maces & Flails | 1 3 8 11 13 15 16 17 18 | 18.3
Invocations    | 1 2 3 |  3.5

Action                   |  1- 3 |  4- 6 |  7- 9 | 10-12 | 13-15 | 16-18 | 19-21 || total
-------------------------+-------+-------+-------+-------+-------+-------+-------++-------
Melee: War axe           |   151 |   170 |   424 |   496 |    87 |       |       ||  1328
       Morningstar       |       |       |       |    17 |   848 |  1337 |   899 ||  3101
Invok: Convert to Beogh  |       |     1 |       |       |       |       |       ||     1
       Recall Orcish Fol |       |       |       |     1 |     3 |     2 |       ||     6
       Give Item to Name |       |       |       |     1 |     1 |       |       ||     2
       Smiting           |       |       |       |       |     6 |     2 |     2 ||    10
       Resurrection      |       |       |       |       |     2 |     2 |     1 ||     5
  Use: Scroll            |     5 |     6 |    11 |     8 |    14 |    11 |     5 ||    60
       Potion            |       |       |     2 |     1 |     6 |     3 |       ||    12
 Stab: Distracted        |       |       |       |     9 |     8 |    19 |    11 ||    47
  Eat: Chunk             |     1 |     1 |     2 |     6 |     1 |    21 |     2 ||    34
       Bread ration      |       |     1 |     2 |       |       |     5 |     1 ||     9
       Royal jelly       |       |     1 |       |     8 |     8 |     6 |     3 ||    26
       Fruit             |       |       |     4 |       |    21 |     7 |       ||    32
       Meat ration       |       |       |       |       |       |       |     1 ||     1
Armor: Scale mail        |   107 |    72 |       |       |       |       |       ||   179
       Chain mail        |       |       |   174 |    40 |       |       |       ||   214
       Skin              |       |       |    35 |       |       |       |       ||    35
       Plate armour      |       |       |       |   258 |   577 |   712 |   336 ||  1883
       Fire dragon scale |       |       |       |       |     9 |       |       ||     9
Dodge: Dodged            |    68 |    88 |   117 |   119 |   210 |   393 |   214 ||  1209
Block: Shield            |    85 |    28 |       |    96 |   560 |   895 |   735 ||  2399
       Buckler           |       |    31 |    85 |    76 |       |       |       ||   192
       Large shield      |       |       |       |       |       |       |     1 ||     1
